 Dungeon Crawl Stone Soup version 0.22.0-16-gc6d26f69f9 (webtiles) character file.

4732 Peloso the Carver (level 10, -8/88 HPs)
             Began as a Minotaur Fighter on Aug 18, 2018.
             Was a Believer of Okawaru.
             Mangled by a komodo dragon (24 damage)
             ... on level 9 of the Dungeon.
             The game lasted 00:19:30 (8388 turns).

Peloso the Carver (Minotaur Fighter)                Turns: 8388, Time: 00:19:30

Health: -8/88      AC: 15    Str: 23    XL:     10   Next: 22%
Magic:  18/18      EV:  7    Int:  5    God:    Okawaru [**....]
Gold:   455        SH: 12    Dex: 11    Spells: 9/9 levels left

rFire    . . .     SeeInvis .   a - +1 long sword
rCold    . . .     Gourm    .   c - +1 shield
rNeg     . . .     Faith    .   b - +0 plate armour
rPois    +         Spirit   .   (helmet restricted)
rElec    .         Reflect  .   (no cloak)
rCorr    .         Harm     .   h - +0 pair of gloves
MR       .....                  (no boots)
Stlth    ..........             (no amulet)
HPRegen  0.24/turn              o - ring of poison resistance
MPRegen  0.16/turn              z - ring of magical power

@: no status effects
A: retaliatory headbutt, horns 2
a: Heroism, Renounce Religion


You were on level 9 of the Dungeon.
You worshipped Okawaru.
Okawaru was pleased with you.
You were very hungry.

You visited 2 branches of the dungeon, and saw 10 of its levels.

You collected 455 gold pieces.

Inventory:

Hand Weapons
 a - a +1 long sword (weapon)
 x - the +4 dagger "Fosakom" {antimagic, rElec rC+ Stlth+, unknown}
   (You found it on level 9 of the Dungeon)

   It reduces the magical energy of the wielder, and disrupts the spells and
   magical abilities of those hit.
   Natural abilities and divine invocations are not affected.
   It protects you from cold.
   It insulates you from electricity.
   It makes you more stealthy.
Armour
 b - a +0 plate armour (worn)
 c - a +1 shield (worn)
 h - a +0 pair of gloves (worn)
Jewellery
 e - an uncursed ring of stealth
 n - an uncursed ring of flight
 o - a ring of poison resistance (left hand)
 u - an uncursed ring of ice
 z - a ring of magical power (right hand)
Wands
 q - a wand of acid (16)
 y - a wand of polymorph (15)
Scrolls
 g - 3 scrolls of remove curse
 i - a scroll of fog
 j - 2 scrolls of enchant armour
 l - a scroll of identify
 m - 2 scrolls of fear
 r - a scroll of magic mapping {unknown}
 s - a scroll of noise {unknown}
 t - a scroll of enchant weapon
 v - a scroll of teleportation
 C - a scroll of amnesia {unknown}
 E - a scroll of summoning {unknown}
Potions
 d - 2 potions of might
 k - 6 potions of curing
 w - a potion of flight
 A - 2 potions of brilliance
 D - a potion of cancellation {unknown}
Comestibles
 f - 10 rations


   Skills:
 + Level 8.0 Fighting
 + Level 11.0 Long Blades
 + Level 9.5 Armour
 + Level 2.6 Dodging
 + Level 0.6 Stealth
 + Level 9.0 Shields
 + Level 0.1 Evocations


You had 9 spell levels left.
You didn't know any spells.
Your spell library contained the following spells:

 Spells                   Type           Power        Failure   Level  Hunger
 Confuse                  Hex            #.......     100%        3    ####...
 Spider Form              Tmut/Pois      #.........   100%        3    ####...
 Blade Hands              Tmut           #.........   100%        5    ######.
 Ice Form                 Ice/Tmut       #.......     100%        4    #####..
 Confusing Touch          Hex            #.....       100%        1    ##.....
 Sticks to Snakes         Tmut           #.......     100%        2    ###....
 Metabolic Englaciation   Hex/Ice        #.........   100%        5    ######.
 Petrify                  Tmut/Erth      #.......     100%        4    #####..
 Beastly Appendage        Tmut           #.....       100%        1    ##.....
 Gell's Gravitas          Tloc           #.........   100%        3    ####...
 Yara's Violent Unravell  Hex/Tmut       #.........   100%        5    ######.


Dungeon Overview and Level Annotations

Branches:
Dungeon (9/15)             Temple (1/1) D:7
   Lair: D:8-11         Orc: D:9-12

Altars:
Ashenzari
Cheibriados
Dithmenos
Elyvilon
Fedhas
Gozag
Hepliaklqana
Kikubaaqudgha
Makhleb
Nemelex Xobeh
Okawaru
Qazlal
Ru
Sif Muna
Trog
Uskayaw
Vehumet
Wu Jian
Xom
Yredelemnul
Zin
The Shining One

Shops:
D:9 :[%

Annotations:
D:8 3 runed doors, Eurus's ghost, novice DrTm
D:9 Maurice


Innate Abilities, Weirdness & Mutations

You reflexively headbutt those who attack you in melee.
You have a pair of horns on your head.


Message History

You block the yak's attack.
The komodo dragon bites you but does no damage.
Unknown command.
You barely miss the komodo dragon.
The komodo dragon is lightly wounded.
The yak gores you. You block the komodo dragon's attack.
Unknown command.
You barely miss the komodo dragon.
The komodo dragon is lightly wounded.
You block the yak's attack. The komodo dragon bites you!!
* * * LOW HITPOINT WARNING * * *
Unknown command.
You closely miss the komodo dragon. Your headbutt misses the komodo dragon.
The komodo dragon is lightly wounded.
The yak closely misses you.
You riposte.
You hit the yak.
The yak is moderately wounded.
You hit the komodo dragon.
The komodo dragon is lightly wounded.
The komodo dragon bites you!!
You die...

### ####
#####Y######..###
##...@lYY..###.#.# ####
##....###.........####.
####..#####..##.#
###.....)....#.
.....###...######
#####....)...
#####..†#### #.##†....
#.#### ..###....# ##
### ####.. #.
#################### #


You could see a komodo dragon and 3 yaks.

Vanquished Creatures
  A troll (D:8)
  A wyvern (D:9)
  6 yaks
  A basilisk (D:9)
  4 orc warriors
  A swamp drake (D:9)
  3 sky beasts
  An ice beast (D:8)
  7 ogres
  4 centaurs
  A crocodile (D:9)
  3 bullfrogs
  A scorpion (D:6)
  2 howler monkeys
  A crimson imp (D:8)
  5 orc priests
  A bullfrog zombie (D:9)
  2 jellies
  2 centaur skeletons
  4 hounds
  A bullfrog skeleton (D:7)
  A gnoll shaman (D:6)
  Terence (D:2)
  3 iguanas
  Natasha (thrice) (D:2)
  7 orc wizards
  A worker ant (D:5)
  2 hound skeletons (D:7)
  A worker ant zombie (D:5)
  8 gnolls
  12 adders
  3 shadow imps
  An adder zombie (D:5)
  3 oozes
  An adder skeleton (D:5)
  A worm (D:4)
  3 dart slugs
  4 leopard geckos
  22 orcs
  3 ball pythons
  2 giant cockroaches
  4 goblins
  3 hobgoblins
  7 jackals
  4 quokkas
  8 bats
  6 frilled lizards
  5 kobolds
  2 leopard gecko zombies
  12 rats
185 creatures vanquished.

Vanquished Creatures (others)
  An orc wizard (D:9)
  An orc (D:9)
2 creatures vanquished.

Grand Total: 187 creatures vanquished

Notes
Turn   | Place    | Note
-------+----------+-------------------------------------------
     0 | D:1      | Peloso the Minotaur Fighter began the quest for the Orb.
     0 | D:1      | Reached XP level 1. HP: 19/19 MP: 0/0
   238 | D:1      | Reached XP level 2. HP: 27/27 MP: 1/1
   413 | D:1      | Reached skill level 3 in Long Blades
   761 | D:2      | Noticed an earth elemental
   812 | D:2      | Reached XP level 3. HP: 33/33 MP: 2/2
   844 | D:2      | Found a stormy altar of Qazlal.
   844 | D:2      | Noticed a water elemental
   850 | D:2      | Noticed a fire elemental
   850 | D:2      | Noticed an air elemental
  1044 | D:2      | Found a white marble altar of Elyvilon.
  1074 | D:2      | Noticed Natasha
  1087 | D:2      | Killed Natasha
  1087 | D:2      | Reached XP level 4. HP: 11/40 MP: 3/3
  1382 | D:2      | Noticed Natasha
  1386 | D:2      | Killed Natasha
  1456 | D:2      | Noticed Natasha
  1464 | D:2      | Killed Natasha
  1464 | D:2      | Reached skill level 4 in Long Blades
  1509 | D:2      | Noticed Terence
  1525 | D:2      | Killed Terence
  1525 | D:2      | Reached XP level 5. HP: 44/47 MP: 4/4
  1563 | D:2      | Found a snail-covered altar of Cheibriados.
  2297 | D:4      | Noticed an ogre
  2306 | D:4      | Killed an ogre
  2306 | D:4      | Reached skill level 5 in Long Blades
  2306 | D:4      | Reached skill level 5 in Armour
  2306 | D:4      | Reached skill level 5 in Shields
  2306 | D:4      | Reached XP level 6. HP: 36/53 MP: 5/5
  2830 | D:4      | Reached skill level 1 in Dodging
  3024 | D:4      | Reached skill level 6 in Long Blades
  3024 | D:4      | Reached XP level 7. HP: 57/60 MP: 6/6
  3344 | D:5      | Entered Level 5 of the Dungeon
  3421 | D:5      | Reached skill level 5 in Fighting
  4220 | D:5      | Found a sparkling altar of Nemelex Xobeh.
  4344 | D:6      | Reached skill level 7 in Long Blades
  4348 | D:6      | Reached XP level 8. HP: 52/69 MP: 7/7
  4684 | D:6      | Found a sacrificial altar of Ru.
  4726 | D:6      | Reached skill level 8 in Long Blades
  5378 | D:7      | Reached XP level 9. HP: 72/78 MP: 8/8
  5621 | D:7      | Reached skill level 9 in Long Blades
  5663 | D:7      | Found a staircase to the Ecumenical Temple.
  5687 | Temple   | Entered the Ecumenical Temple
  5779 | Temple   | Became a worshipper of Warmaster Okawaru
  6010 | D:8      | Found a sparkling altar of Nemelex Xobeh.
  6021 | D:8      | Found an ancient bone altar of Kikubaaqudgha.
  6087 | D:8      | Noticed a troll
  6119 | D:8      | Killed a troll
  6488 | D:8      | Found a runed gate.
  6488 | D:8      | Found a runed gate.
  6488 | D:8      | Found a runed gate.
  6489 | D:8      | Noticed Eurus's ghost (novice DrTm)
  6540 | D:8      | Reached * piety under Okawaru
  6889 | D:8      | Reached skill level 10 in Long Blades
  7464 | D:9      | Found Siasch's Jewellery Shop.
  7505 | D:9      | Noticed Maurice
  7995 | D:8      | Reached ** piety under Okawaru
  7995 | D:8      | Reached XP level 10. HP: 72/88 MP: 9/9
  8043 | D:9      | Got a twisted dagger
  8073 | D:9      | Found Owirared's Book Shop.
  8140 | D:9      | Found Myoth's Armour Boutique.
  8143 | D:9      | Found Keczivio's Food Shoppe.
  8383 | D:9      | Reached skill level 11 in Long Blades
  8388 | D:9      | Mangled by a komodo dragon

Skill      XL: |  1  2  3  4  5  6  7  8  9 10 |
---------------+-------------------------------+-----
Armour         | 4 5 6 8 9 |  9.5
Long Blades    | 3 4 5 6 7 8 10 11 | 11.0
Shields        | 4 5 6 7 8 9 |  9.0
Fighting       | 4 5 6 7 8 |  8.0
Dodging        | 1 2 |  2.6
Stealth        | |  0.6
Evocations     | |  0.1

Action                   |  1- 3 |  4- 6 |  7- 9 | 10-12 || total
-------------------------+-------+-------+-------+-------++-------
Melee: Long sword        |    93 |   142 |   466 |    66 ||   767
       Headbutt          |     8 |    19 |    97 |    15 ||   139
Evoke: Wand              |       |       |       |     2 ||     2
  Use: Scroll            |       |       |    14 |       ||    14
 Stab: Confused          |       |       |       |     1 ||     1
  Eat: Chunk             |       |     6 |    11 |       ||    17
       Ration            |       |       |     2 |       ||     2
Armor: Scale mail        |    35 |       |       |       ||    35
       Chain mail        |     4 |    58 |    89 |       ||   151
       Plate armour      |       |       |    80 |    16 ||    96
Dodge: Dodged            |    29 |    18 |    86 |     8 ||   141
Block: Shield            |    63 |    56 |   255 |    54 ||   428
       Rpst.: Long sword |     4 |     2 |    25 |     2 ||    33
